 Dungeon Crawl Stone Soup version 0.30-a0-23-ge60ba3568b (webtiles) character file.

Game seed: 7977037248398932199

1 scionoferis the Changer (level 1, -1/16 HPs)
             Began as a Demigod Wanderer on Aug 24, 2022.
             Slain by a jackal (3 damage)
             ... on level 1 of the Dungeon.
             The game lasted 00:01:46 (73 turns).

scionoferis the Changer (Demigod Wanderer)            Turns: 73, Time: 00:01:46

Health: -1/16      AC:  6    Str: 11    XL:     1   Next: 13%
Magic:  4/4        EV: 10    Int: 16    God:
Gold:   0          SH:  0    Dex: 13    Spells: 2/2 levels left

rFire   . . .      SeeInvis .    a - +0 dagger
rCold   . . .      Faith    .    (no shield)
rNeg    . . .      Spirit   .    e - +0 ring mail
rPois   .          Reflect  .    (no helmet)
rElec   .          Harm     .    (no cloak)
rCorr   .          Rampage  .    d - +0 pair of gloves
Will    .....                    (no boots)
Stlth   +.........               (no amulet)
HPRegen 0.05/turn                (no ring)
MPRegen 0.09/turn                (no ring)

@: no status effects
A: high MP 1, forlorn, divine attributes
a: no special abilities


You were on level 1 of the Dungeon.
You visited 1 branch of the dungeon, and saw 1 of its levels.

Inventory:

Hand Weapons
 a - a +0 dagger (weapon)
Armour
 d - a +0 pair of gloves (worn)
 e - a +0 ring mail (worn)


   Skills:
 * Level 1.0 Fighting
 + Level 1.8 Dodging
 - Level 1.0 Stealth
 + Level 1.0 Spellcasting
 - Level 1.0 Translocations
 + Level 2.7 Transmutations
 - Level 1.0 Evocations


You had 2 spell levels left.
You didn't know any spells.
Your spell library contained the following spells:

 Spells                   Type           Power      Damage    Failure   Level
 Beastly Appendage        Tmut           18%        N/A       19%         1
 Wereblood                Tmut           9%         N/A       28%         2
 Apportation              Tloc           8%         N/A       36%         1
 Passwall                 Tmut/Erth      4%         N/A       43%         2
 Teleport Other           Tloc           4%         N/A       73%         3


Dungeon Overview and Level Annotations

Branches:
Dungeon (1/15)


Innate Abilities, Weirdness & Mutations

You have an increased reservoir of magic. (+10% MP)
You shall have no god before yourself.
Your divine heritage dramatically boosts your attributes as you level up.


Message History

The jackal is moderately wounded.
The jackal bites you. x3
The dart slug briefly extends its eye-stalks.
The jackal bites you.
The jackal bites you but does no damage. x2
You hit the jackal.
The jackal is heavily wounded.
The jackal closely misses you. The jackal bites you. x2
* * * LOW HITPOINT WARNING * * *
The jackal attacks as you move away! The jackal closely misses you.
The jackal attacks as you move away! The jackal closely misses you.
You hit the jackal but do no damage.
The jackal is severely wounded.
You hit the jackal.
The jackal is almost dead.
The jackal misses you.
You closely miss the jackal.
The jackal is almost dead.
The jackal barely misses you. The jackal bites you.
* * * LOW HITPOINT WARNING * * *
Unknown command.
Blink to where?
Press: ? - help, Dir - move target
As you read the scroll of blinking, it crumbles to dust.
You aren't carrying any potions.
Unknown command.
You are too injured to fight recklessly!
You hit the jackal.
You kill the jackal!
You hit the jackal but do no damage.
The jackal is severely wounded.
The jackal barely misses you.
You closely miss the jackal.
The jackal is severely wounded.
The jackal bites you.
* * * LOW HITPOINT WARNING * * *
You barely miss the jackal.
The jackal is severely wounded.
The jackal bites you.
You die...

#.##....... .#♣♣.
#..#...... . ..♣.
#..#..... .♣...
..#.... . ....
#..... #..P♣♣..
#.... #.....P. #..#
##....... #@#
..♣.PP.. #h#
#....... #h###
###.....P. #...#
#......... #...#.##
#....... #...#h#.
#>#♣.... #...#...#
#[#.♣.P♣
#........####.#.....
#............h......


You could see 2 jackals.

Vanquished Creatures
  A jackal (D:1)
1 creature vanquished.

Notes
Turn   | Place    | Note
-------+----------+-------------------------------------------
     0 | D:1      | scionoferis the Demigod Wanderer began the quest for the
                  | Orb.
     0 | D:1      | scionoferis set off with the following items: a +0 dagger,
                  | a scroll of blinking, a +0 robe, a +0 pair of gloves; and
                  | the following spells available to memorise: Beastly
                  | Appendage, Wereblood, Apportation, Passwall, Teleport
                  | Other.
     0 | D:1      | Reached XP level 1. HP: 16/16 MP: 4/4
    73 | D:1      | Slain by a jackal

Illustrated notes

Levels and vault maps discovered:
D:1:      wander_arrival_fairy_ring, layout_rooms,
          nicolae_ecumenical_lake_church, minmay_box_of_dots

Action                   || total
-------------------------++-------
Melee: Dagger            ||    16
  Use: Scroll            ||     1
Armor: Ring mail         ||    12
Dodge: Dodged            ||    11

Table legend: (Time is in decaauts)
 A = Elapsed time spent in this place.
 B = Non-inter-level travel time spent in this place.
 C = Inter-level travel time spent in this place.
 D = Time resting spent in this place.
 E = Time spent auto-exploring this place.
 F = Levels seen in this place.
 G = Mean time per level.
                   A        B        C        D        E       F      G
               +--------+--------+--------+--------+--------+-----+--------+
         Total |     73 |     73 |      0 |      0 |      6 |   1 |   73.0 |
       Dungeon |     73 |     73 |      0 |      0 |      6 |   1 |   73.0 |
               +--------+--------+--------+--------+--------+-----+--------+

Top non-repeatable levels by time:
     D:1: 73 daAuts
